 Dungeon Crawl Stone Soup version 0.30-a0-219-gf2db51d15e (webtiles) character file.

Game seed: 18185011540225138377

473 scionoferis the Slasher (level 7, -4/49 HPs)
             Began as a Djinni Reaver on Oct 6, 2022.
             Slain by Grinder (8 damage)
             ... on level 4 of the Dungeon.
             The game lasted 00:12:26 (4025 turns).

scionoferis the Slasher (Djinni Reaver)             Turns: 4025, Time: 00:12:26

Health: -4/49      AC:  4    Str: 11    XL:     7   Next: 32%
Gold:   130        EV: 11    Int: 16    God:
                   SH:  0    Dex: 12

rFire   + + .      SeeInvis +    a - +1 dagger (venom)
rCold   x . .      Faith    .    (no shield)
rNeg    . . .      Spirit   .    h - +0 leather armour
rPois   ∞          Reflect  .    p - +0 helmet
rElec   .          Harm     .    (no cloak)
rCorr   .          Rampage  .    (no gloves)
Will    .....                    (boots unavailable)
Stlth   +.........               (no amulet)
HPRegen 0.28/turn                q - ring of see invisible
MPRegen 0.00/turn                (no ring)

@: immotile, flying
A: sickness immunity, fire resistance 2, cold vulnerability 1, float, innate
caster, HP casting, extra vitality 1
a: no special abilities


You were on level 4 of the Dungeon.
You visited 1 branch of the dungeon, and saw 4 of its levels.

You collected 219 gold pieces.
You spent 89 gold pieces at shops.

Inventory:

Hand Weapons
 a - a +1 dagger of venom (weapon)
 i - a +0 scimitar
 j - a +0 falchion
Missiles
 l - 5 atropa-tipped darts (quivered)
Armour
 h - a +0 leather armour (worn)
 p - a +0 helmet (worn)
Magical Staves
 b - a staff of conjuration
Jewellery
 q - a ring of see invisible (left hand)
Scrolls
 e - a scroll of magic mapping
 g - a scroll of blinking
 k - 2 scrolls of fear {unknown}
 o - a scroll of teleportation
 t - a scroll of poison {unknown}
Potions
 c - a potion of berserk rage {unknown}
 d - 3 potions of mutation {unknown}
 f - 2 potions of lignification {unknown}
 m - 2 potions of flight {unknown}
 n - a potion of curing
 r - a potion of might
 s - a potion of haste {unknown}


   Skills:
 - Level 2.0 Fighting
 + Level 5.3 Long Blades
 - Level 2.1 Dodging
 + Level 4.5 Spellcasting


You had 4 spell levels left.
You knew the following spells:

 Your Spells              Type           Power      Damage    Failure   Level
a - Kiss of Death         Conj/Necr      72%        2d10      3%          1
b - Momentum Strike       Conj/Tloc      36%        3d9       4%          2
c - Hailstorm             Conj/Ice       18%        3d6       10%         3
d - Sandblast             Erth           36%        2d10      3%          1
e - Passwall              Tmut/Erth      15%        N/A       4%          2
f - Searing Ray           Conj           36%        2d5       4%          2
Your spell library was empty.

Dungeon Overview and Level Annotations

Branches:
Dungeon (4/15)
 Temple: D:4-7

Altars:
Zin

Shops:
D:2 =!?   D:4 !:=:=

Annotations:
D:4 Grinder


Innate Abilities, Weirdness & Mutations

You are immune to sickness and miasma.
You are immune to poison.
Your flesh is very heat resistant. (rF++)
You are vulnerable to cold. (rC-)
You float through the air rather than walking.
You learn spells naturally, not from books.
Your magical power is your life essence.
You have superior vitality. (+4 MHP)


Message History

Aiming: Momentum Strike (safe; 4% risk of failure)
Press: ? - help, Dir - move target, f - Grinder
Aim: Grinder (heavily wounded, 68% to hit)
The concentrated momentum misses Grinder.
* * * LOW HITPOINT WARNING * * *
Grinder gestures at you. Pain shoots through your body!
* * * LOW HITPOINT WARNING * * *
You feel much better. Grinder hits you!
You writhe in agony.
Casting: Momentum Strike (safe; 4% risk of failure)
Confirm with . or Enter, or press ? or * to list all spells.
Aiming: Momentum Strike (safe; 4% risk of failure)
Press: ? - help, Dir - move target, f/p - Grinder
Aim: Grinder (heavily wounded, 68% to hit)
The concentrated momentum hits Grinder!
You are unable to move.
* * * LOW HITPOINT WARNING * * *
Grinder barely misses you.
Unknown command.
Casting: Momentum Strike (safe; 4% risk of failure)
Confirm with . or Enter, or press ? or * to list all spells.
Aiming: Searing Ray (safe; 4% risk of failure)
Press: ? - help, Shift-Dir - straight line, f/p - Grinder
Aim: Grinder (almost dead, 75% to hit)
The searing ray hits Grinder.
Grinder is almost dead. (Press . to maintain the ray.)
* * * LOW HITPOINT WARNING * * *
Grinder says, "Just stop there for a second..."
Grinder closely misses you.
The searing ray misses Grinder.
* * * LOW HITPOINT WARNING * * *
Grinder hits you.
* * * LOW HITPOINT WARNING * * *
You writhe in agony.
* * * LOW HITPOINT WARNING * * *
Unknown command.
The searing ray misses Grinder.
* * * LOW HITPOINT WARNING * * *
Grinder hits you!
You die...

#.# #..# #.....#.
#.# #..# #.......
#.#####[.# ###...##
##.......# #...#
###.###.# #...#
##... #.#
#.########...#
#.... #.#
#........#...#
#O.._
#.###.########...#
#5... ##@##.# #...#
#... ####5..# #...#
#.. #.#.#### #...#
#.###..## #...##
#..5..## #...#.
#####.# #...## #.##
#...# #..# #...#
##.############)..#


You could see Grinder.

Vanquished Creatures
  An ogre (D:4)
  A centaur (D:4)
  Blork the orc (D:4)
  An orc wizard (D:3)
  Terence (D:3)
  Robin (D:3)
  6 adders
  An ufetubus (D:4)
  A worm (D:2)
  13 orcs
  6 endoplasms
  2 giant cockroaches
  14 goblins
  11 hobgoblins
  4 jackals (D:3)
  10 kobolds
  3 quokkas
  10 ball pythons
  6 bats
  13 frilled lizards
  6 rats
112 creatures vanquished.

Notes
Turn   | Place    | Note
-------+----------+-------------------------------------------
     0 | D:1      | scionoferis the Djinni Reaver began the quest for the Orb.
     0 | D:1      | scionoferis set off with the following spells memorised:
                  | Kiss of Death, Momentum Strike, Hailstorm.
     0 | D:1      | Reached XP level 1. HP: 18/18 MP: 0/0
   200 | D:1      | Reached XP level 2. HP: 23/23 MP: 0/0
   239 | D:1      | Reached skill level 3 in Long Blades
   798 | D:2      | Reached XP level 3. HP: 14/28 MP: 0/0
   798 | D:2      | Learned a level 1 spell: Sandblast
   921 | D:2      | Found Ysurevejea's Distillery.
  1262 | D:2      | Found Necwesic's Magic Scroll Emporium.
  1308 | D:2      | Reached XP level 4. HP: 29/33 MP: 0/0
  1340 | D:2      | Found Ceosyibb's Jewellery Emporium.
  1717 | D:2      | Bought a potion of curing for 39 gold pieces
  1749 | D:2      | Bought a scroll of teleportation for 30 gold pieces
  1749 | D:2      | Bought a scroll of identify for 20 gold pieces
  1937 | D:3      | Noticed Terence
  1963 | D:3      | Noticed Robin
  1966 | D:3      | Killed Terence
  1967 | D:3      | Reached skill level 4 in Long Blades
  1967 | D:3      | Reached XP level 5. HP: 27/38 MP: 0/0
  1967 | D:3      | Learned a level 2 spell: Passwall
  2624 | D:3      | Reached XP level 6. HP: 38/43 MP: 0/0
  2733 | D:3      | Killed Robin
  2799 | D:4      | Found Huakem's Jewellery Shoppe.
  3343 | D:4      | Found Acissy's Book Emporium.
  3345 | D:4      | Found Paompoummi's Jewellery Emporium.
  3346 | D:4      | Found Suofemmu's Book Emporium.
  3347 | D:4      | Found Utomel's Distillery.
  3421 | D:4      | Noticed Blork the orc
  3473 | D:4      | Killed Blork the orc
  3474 | D:4      | Reached skill level 5 in Long Blades
  3474 | D:4      | Reached XP level 7. HP: 13/49 MP: 0/0
  3474 | D:4      | Learned a level 2 spell: Searing Ray
  4000 | D:4      | Found a glowing silver altar of Zin.
  4000 | D:4      | Noticed Grinder
  4025 | D:4      | Slain by Grinder

Illustrated notes

Levels and vault maps discovered:
D:1:      dpeg_arrival_rooms_with_view, layout_loops_ring, minmay_lizard_pond
D:2:      layout_loops_ring, serial_shops, nicolae_shop_waterfront, shop, shop,
          minmay_tetromino_o2
D:3:      layout_rooms, uniq_terence, uniq_robin
D:4:      layout_loops_ring, lemuel_round_altar, serial_shops,
          nicolae_shop_temple_entry_statues_fountains, serial_co_window_serial,
          co_window_of_opportunity_a, co_window_corner_a, co_window_corner_a,
          co_window_paths_a, co_window_of_opportunity_a, co_window_broadway_b,
          co_window_of_opportunity_b, co_window_broadway_a, co_window_corner_b,
          co_window_broadway_c, glass_columns_a, minmay_shop_grid_forest,
          uniq_blork_the_orc, uniq_grinder

Skill      XL: |  1  2  3  4  5  6 |
---------------+-------------------+-----
Long Blades    | 3 4 5 |  5.3
Spellcasting   | 3 4 |  4.5
Fighting       | |  2.0
Dodging        | |  2.1

Action                   |  1- 3 |  4- 6 |  7- 9 || total
-------------------------+-------+-------+-------++-------
Melee: Falchion          |    31 |       |       ||    31
       Dagger            |   106 |   241 |    12 ||   359
       Punch             |     1 |     5 |       ||     6
Throw: Dart              |       |     7 |       ||     7
 Cast: Hailstorm         |       |     3 |       ||     3
       Searing Ray       |       |       |     4 ||     4
       Momentum Strike   |       |       |     3 ||     3
  Use: Scroll            |       |     3 |       ||     3
       Potion            |       |     1 |     1 ||     2
Armor: Leather armour    |    39 |    49 |     3 ||    91
Dodge: Dodged            |    54 |   124 |    14 ||   192

Table legend: (Time is in decaauts)
 A = Elapsed time spent in this place.
 B = Non-inter-level travel time spent in this place.
 C = Inter-level travel time spent in this place.
 D = Time resting spent in this place.
 E = Time spent auto-exploring this place.
 F = Levels seen in this place.
 G = Mean time per level.
                   A        B        C        D        E       F      G
               +--------+--------+--------+--------+--------+-----+--------+
         Total |   3987 |   3824 |    163 |    157 |   2810 |   4 |  996.8 |
       Dungeon |   3987 |   3824 |    163 |    157 |   2810 |   4 |  996.8 |
               +--------+--------+--------+--------+--------+-----+--------+

Top non-repeatable levels by time:
     D:4: 1216 daAuts
     D:2: 1102 daAuts
     D:3: 914 daAuts
     D:1: 753 daAuts
